 Dungeon Crawl Stone Soup version 0.29.1-15-g9cfb28693d (webtiles) character file.

Game seed: 16295967406024873451

199 Kranky the Protected (level 5, 0/41 HPs)
             Began as a Gnoll Wanderer on Apr 22, 2023.
             Slain by a bullfrog (3 damage)
             ... in a sewer.
             The game lasted 00:12:20 (5720 turns).

Kranky the Protected (Gnoll Wanderer)               Turns: 5720, Time: 00:12:21

Health: 0/41       AC:  8    Str: 24    XL:     5   Next: 77%
Magic:  9/9        EV:  8    Int: 10    God:
Gold:   71         SH:  0    Dex:  8    Spells: 9/10 levels left

rFire   . . .      SeeInvis .   h - +0 dagger
rCold   . . .      Faith    .   (no shield)
rNeg    . . .      Spirit   .   o - +0 ring mail
rPois   .          Reflect  .   (no helmet)
rElec   .          Harm     .   (no cloak)
rCorr   .          Rampage  .   (no gloves)
Will    .....                   j - +0 pair of boots
Stlth   +.........              i - amulet of the acrobat
HPRegen 0.13/turn               l - +6 ring of strength
MPRegen 0.11/turn               (no ring)

@: about to teleport, constricted
A: fangs 1, strong nose, distributed training
a: no special abilities


You were in a sewer.
You visited 1 branch of the dungeon, and saw 3 of its levels.
You also visited: Sewer.

You collected 71 gold pieces.

Inventory:

Hand Weapons
 a - a +0 club
 h - a +0 dagger (weapon)
Missiles
 g - 5 poisoned darts
Armour
 d - a +2 scale mail
 j - a +0 pair of boots (worn)
 o - a +0 ring mail (worn)
Jewellery
 i - an amulet of the acrobat (around neck)
 l - a +6 ring of strength (left hand)
Scrolls
 f - 2 scrolls of identify
Potions
 c - a potion of lignification
 e - a potion of curing
 k - a potion of haste {unknown}
 m - a potion of heal wounds {unknown}
 n - a potion of ambrosia {unknown}
 p - a potion of berserk rage {unknown}


   Skills:
 + Level 3.1 Fighting
 + Level 1.7 Short Blades
 + Level 1.7 Long Blades
 + Level 1.7 Axes
 + Level 1.7 Maces & Flails
 + Level 1.7 Polearms
 + Level 1.7 Staves
 + Level 1.7 Ranged Weapons
 + Level 1.7 Throwing
 + Level 10.5 Armour
 + Level 1.7 Dodging
 + Level 1.7 Stealth
 + Level 1.7 Shields
 + Level 1.7 Unarmed Combat
 + Level 3.3 Spellcasting
 + Level 1.3 Conjurations
 + Level 4.0 Hexes
 + Level 1.3 Summonings
 + Level 1.3 Necromancy
 + Level 1.3 Translocations
 + Level 1.3 Transmutations
 + Level 1.3 Fire Magic
 + Level 1.3 Ice Magic
 + Level 1.3 Air Magic
 + Level 1.3 Earth Magic
 + Level 1.3 Poison Magic
 + Level 3.2 Invocations
 + Level 1.7 Evocations


You had 9 spell levels left.
You knew the following spells:

 Your Spells              Type           Power      Damage    Failure   Level
a - Slow                  Hex            36%        N/A       8%          1

Your spell library contained the following spells:

 Spells                   Type           Power      Damage    Failure   Level
 Confusing Touch          Hex            9%         N/A       22%         3


Dungeon Overview and Level Annotations

Branches:
Dungeon (3/15)              Sewer (1/1)

Altars:
Ru


Innate Abilities, Weirdness & Mutations

You have very sharp teeth.
Your uncanny sense of smell can sniff out nearby items.
Your experience applies equally to all skills.


Message History

The bullfrog hits you.
The bullfrog hits you but does no damage. x2
You closely miss the bullfrog.
The bullfrog is moderately wounded.
The bullfrog hits you but does no damage. x2
You hit the bullfrog.
The bullfrog is moderately wounded.
The bullfrog hits you! x2
* * * LOW HITPOINT WARNING * * *
The bullfrog barely misses you.
You are too injured to fight recklessly!
As you read the scroll of teleportation, it crumbles to dust.
You feel strangely unstable. The bullfrog hits you.
* * * LOW HITPOINT WARNING * * *
The bullfrog closely misses you. The bullfrog misses you.
The bullfrog attacks as you move away!
The bullfrog hits you but does no damage.
The bullfrog completely misses you. The bullfrog closely misses you.
The bullfrog closely misses you. The bullfrog attacks as you move away!
The bullfrog closely misses you.
You enter the shallow water.
Moving in this stuff is going to be slow.
The bullfrog snags a nearby centipede with its tongue.
The bullfrog hits you but does no damage.
The bullfrog completely misses you.
Your surroundings seem slightly different.
Splash!
The bullfrog hits you but does no damage.
The bullfrog completely misses you. The bullfrog completely misses you.
The bullfrog closely misses you. The bullfrog misses you.
The ball python completely misses you. The ball python misses you.
The bullfrog closely misses you.
As you read the scroll of teleportation, it crumbles to dust.
You feel strangely unstable.
The bullfrog hits you but does no damage. x2
The ball python bites you.
* * * LOW HITPOINT WARNING * * *
The ball python grabs you. The ball python constricts you.
The bullfrog hits you.
You die...

~~≈≈≈≈≈≈~≈≈# #.~≈~.#
~..≈≈≈≈≈≈≈≈# #.~≈~.#
~~?.≈≈≈≈≈≈≈# #~~≈~.#
B??).≈≈≈≈≈≈# #~~≈~.#
r=$.~.≈≈≈≈≈# #~~≈~~#
≈≈..~≈≈≈≈≈≈# #.~≈~~#
#S~≈~.# #FF≈~~#
#@S≈~~# #~~≈~~#
#.~≈~~# #.~≈~.#
#.†≈~.#
################.~~~.#
...............†.....#
######################


You could see 2 bullfrogs and 2 ball pythons.

Vanquished Creatures
  11 adders
  A worm (D:2)
  2 dart slugs
  6 endoplasms
  11 giant cockroaches
  9 goblins
  4 hobgoblins
  3 jackals (D:1)
  7 quokkas
  5 ball pythons
  5 bats
  12 frilled lizards
  8 kobolds
  9 rats
93 creatures vanquished.

Vanquished Creatures (others)
  A hobgoblin (D:3)
1 creature vanquished.

Grand Total: 94 creatures vanquished

Notes
Turn   | Place    | Note
-------+----------+-------------------------------------------
     0 | D:1      | Reached skill level 10 in Armour
     0 | D:1      | Kranky the Gnoll Wanderer began the quest for the Orb.
     0 | D:1      | Kranky set off with the following items: a +0 club, a
                  | scroll of teleportation, a potion of lignification, a +2
                  | scale mail; and the following spell memorised: Slow; and
                  | the following spells available to memorise: Confusing
                  | Touch.
     0 | D:1      | Reached XP level 1. HP: 17/17 MP: 4/4
   248 | D:1      | Reached XP level 2. HP: 14/23 MP: 5/5
   740 | D:1      | Reached XP level 3. HP: 28/28 MP: 7/7
  1799 | D:2      | Reached skill level 1 in Short Blades
  1799 | D:2      | Reached skill level 1 in Long Blades
  1799 | D:2      | Reached skill level 1 in Axes
  1799 | D:2      | Reached skill level 1 in Maces & Flails
  1799 | D:2      | Reached skill level 1 in Polearms
  1799 | D:2      | Reached skill level 1 in Staves
  1799 | D:2      | Reached skill level 1 in Ranged Weapons
  1799 | D:2      | Reached skill level 1 in Throwing
  1799 | D:2      | Reached skill level 1 in Dodging
  1799 | D:2      | Reached skill level 1 in Stealth
  1799 | D:2      | Reached skill level 1 in Shields
  1799 | D:2      | Reached skill level 1 in Unarmed Combat
  1799 | D:2      | Reached skill level 1 in Evocations
  2355 | D:2      | Reached XP level 4. HP: 17/34 MP: 8/8
  3133 | D:2      | Found a faded altar of an unknown god.
  3325 | D:2      | Reached skill level 1 in Conjurations
  3325 | D:2      | Reached skill level 1 in Summonings
  3325 | D:2      | Reached skill level 1 in Necromancy
  3325 | D:2      | Reached skill level 1 in Translocations
  3325 | D:2      | Reached skill level 1 in Transmutations
  3325 | D:2      | Reached skill level 1 in Fire Magic
  3325 | D:2      | Reached skill level 1 in Ice Magic
  3325 | D:2      | Reached skill level 1 in Air Magic
  3325 | D:2      | Reached skill level 1 in Earth Magic
  3325 | D:2      | Reached skill level 1 in Poison Magic
  3765 | D:3      | Found a sacrificial altar of Ru.
  4051 | D:3      | Found a glowing drain.
  4062 | D:3      | Reached XP level 5. HP: 18/40 MP: 9/9
  4070 | Sewer    | Entered a sewer
  5720 | Sewer    | Slain by a bullfrog

Illustrated notes

Levels and vault maps discovered:
D:1:      dpeg_arrival_rooms_c, layout_rooms, minmay_misc_feat_doors
D:2:      wander_river, layout_loops_corners,
          dreamdust_ecumenical_altar_angels_and_demons, nrook_campfire
D:3:      layout_loops_corners, mainiacjoe_overflow_cross_hatched,
          portal_sewer_entry_d, serial_aquarium, aquarium_bridge_long_separate
          [aquarium_subvault_window, aquarium_subvault_wall,
          aquarium_subvault_bridge, aquarium_subvault_window,
          aquarium_subvault_bridge, aquarium_subvault_window],
          aquarium_window_1, aquarium_window_1, aquarium_view_2c,
          aquarium_pool_corner, uniq_robin
Sewer:    sewer_frog_island_01

Skill      XL: |  1  2  3  4  5 |
---------------+----------------+-----
Armour         | | 10.5
Short Blades   | 1 |  1.7
Long Blades    | 1 |  1.7
Axes           | 1 |  1.7
Maces & Flails | 1 |  1.7
Polearms       | 1 |  1.7
Staves         | 1 |  1.7
Ranged Weapons | 1 |  1.7
Throwing       | 1 |  1.7
Dodging        | 1 |  1.7
Stealth        | 1 |  1.7
Shields        | 1 |  1.7
Unarmed Combat | 1 |  1.7
Evocations     | 1 |  1.7
Spellcasting   | 3 |  3.3
Conjurations   | 1 |  1.3
Summonings     | 1 |  1.3
Necromancy     | 1 |  1.3
Translocations | 1 |  1.3
Transmutations | 1 |  1.3
Fire Magic     | 1 |  1.3
Ice Magic      | 1 |  1.3
Air Magic      | 1 |  1.3
Earth Magic    | 1 |  1.3
Poison Magic   | 1 |  1.3
Invocations    | 3 |  3.2
Fighting       | 3 |  3.1
Hexes          | 4 |  4.0

Action                   |  1- 3 |  4- 6 || total
-------------------------+-------+-------++-------
Melee: Club              |    59 |       ||    59
       Bite              |    31 |    33 ||    64
       Dagger            |   290 |   530 ||   820
       Punch             |     5 |     5 ||    10
  Use: Scroll            |       |     6 ||     6
Armor: Scale mail        |   185 |    47 ||   232
       Ring mail         |       |   230 ||   230
Dodge: Dodged            |   172 |   428 ||   600
